 Dungeon Crawl Stone Soup version 0.21.1-1-g345015f (webtiles) character file.

335 manyhoops the Skirmisher (level 6, -1/53 HPs)
             Began as a Gnoll Wanderer on Apr 17, 2018.
             Was a Follower of Uskayaw.
             Slain by a worker ant zombie (4 damage)
             ... while paralysed by Grinder
             ... on level 5 of the Dungeon.
             The game lasted 00:06:15 (3518 turns).

manyhoops the Skirmisher (Gnoll Wanderer)           Turns: 3518, Time: 00:06:16

Health: -1/53      AC:  4    Str: 12    XL:     6   Next: 53%
Magic:  4/9        EV:  2    Int: 18    God:    Uskayaw [*.....]
Gold:   286        SH:  0    Dex: 13    Spells: 9/9 levels left

rFire    + . .     SeeInvis .   b - +0 falchion
rCold    . . .     Gourm    .   (no shield)
rNeg     . . .     Faith    .   d - +0 ring mail
rPois    .         Spirit   .   s - +0 helmet
rElec    .         Reflect  .   (no cloak)
rCorr    .         Harm     .   (no gloves)
MR       .....                  (no boots)
Stlth    ++........             (no amulet)
HPRegen  0.17/turn              (no ring)
MPRegen  0.11/turn              (no ring)

@: paralysed
A: distributed training, fangs 1, deformed body, fire resistance 1, weak 1,
strong nose
a: Stomp, Renounce Religion


You were on level 5 of the Dungeon.
You worshipped Uskayaw.
Uskayaw was noncommittal.
You were not hungry.

You visited 1 branch of the dungeon, and saw 5 of its levels.

You collected 286 gold pieces.

Inventory:

Hand Weapons
 a - a +2 hand crossbow
 b - a +0 falchion (weapon)
Missiles
 c - 52 bolts
 y - a throwing net (quivered)
Armour
 d - a +0 ring mail (worn)
 s - a +0 helmet (worn)
 z - a cursed +0 chain mail
Scrolls
 e - 3 scrolls of remove curse
 g - a scroll of fog
 h - 3 scrolls of immolation
 j - 4 scrolls of teleportation
 k - a scroll of magic mapping {unknown}
 l - a scroll of enchant weapon {unknown}
 p - a scroll of amnesia
 q - 2 scrolls of enchant armour
Potions
 i - a potion of lignification {unknown}
 m - 3 potions of curing
 n - a potion of cancellation
 o - a potion of heal wounds
 r - a potion of flight {unknown}
 u - a potion of haste
 w - a potion of ambrosia
 x - a potion of brilliance {unknown}
Comestibles
 f - 7 rations


   Skills:
 + Level 6.8 Fighting
 + Level 2.0 Short Blades
 + Level 3.2 Long Blades
 + Level 2.0 Axes
 + Level 2.0 Maces & Flails
 + Level 2.0 Polearms
 + Level 2.0 Staves
 + Level 2.0 Slings
 + Level 2.0 Bows
 + Level 3.2 Crossbows
 + Level 2.0 Throwing
 + Level 5.0 Armour
 + Level 3.2 Dodging
 + Level 3.1 Stealth
 + Level 3.2 Shields
 + Level 2.0 Unarmed Combat
 + Level 2.0 Spellcasting
 + Level 1.5 Conjurations
 + Level 1.5 Hexes
 + Level 1.5 Charms
 + Level 1.5 Summonings
 + Level 1.5 Necromancy
 + Level 1.5 Translocations
 + Level 1.5 Transmutations
 + Level 1.5 Fire Magic
 + Level 1.5 Ice Magic
 + Level 1.5 Air Magic
 + Level 1.5 Earth Magic
 + Level 1.5 Poison Magic
 + Level 2.1 Invocations
 + Level 2.0 Evocations


You had 9 spell levels left.
You didn't know any spells.

Dungeon Overview and Level Annotations

Branches:
Dungeon (5/15)
 Temple: D:4-7

Altars:
Uskayaw
Vehumet

Annotations:
D:4 bmj180's ghost, amateur MiBe
D:5 Grinder


Innate Abilities, Weirdness & Mutations

Your experience applies equally to all skills.
You have very sharp teeth.
Your uncanny sense of smell can sniff out nearby items.
Armour fits poorly on your strangely shaped body.
Your flesh is heat resistant. (rF+)
You are weak. (Str -2)


Message History

The worker ant zombie is severely damaged.
Grinder gestures at you.
You suddenly lose the ability to move!
You can now stomp with the beat.
The worker ant zombie bites you but does no damage.
Grinder hits you.
* * * LOW HITPOINT WARNING * * *
You writhe in agony.
* * * LOW HITPOINT WARNING * * *
The worker ant zombie bites you.
* * * LOW HITPOINT WARNING * * *
Grinder completely misses you. The worker ant zombie bites you.
* * * LOW HITPOINT WARNING * * *
Grinder hits you but does no damage.
The worker ant zombie bites you but does no damage.
Grinder gestures at you.
You shrug off the repeated paralysis!
The worker ant zombie bites you.
You die...

#...# #...######
#####........#
#............#
............. .........
#5.Z.###.# #.@......#
#...###### #...#
##########.## #
....#......### #.
............# ###.
###....##.###.#######
.....#.........#
#.......#
#..#.#....#..###.#####.#


You could see Grinder and a worker ant zombie.

Vanquished Creatures
  An orc priest (D:4)
  A centaur skeleton (D:4)
  A bullfrog skeleton (D:4)
  An orc wizard (D:4)
  8 adders
  3 gnolls (D:3)
  An ooze (D:1)
  2 worms
  2 dart slugs (D:3)
  A leopard gecko (D:2)
  8 orcs
  8 giant cockroaches
  8 goblins
  11 hobgoblins
  10 jackals
  3 quokkas
  11 bats
  6 frilled lizards
  3 kobolds
  7 rats
96 creatures vanquished.

Notes
Turn   | Place    | Note
-------+----------+-------------------------------------------
     0 | D:1      | manyhoops the Gnoll Wanderer began the quest for the Orb.
     0 | D:1      | manyhoops set off with: a +2 hand crossbow, 25 bolts, a +0 falchion, a +0 ring mail, a ration
     0 | D:1      | Reached XP level 1. HP: 23/23 MP: 1/1
   219 | D:1      | Reached XP level 2. HP: 29/29 MP: 2/2
   391 | D:1      | Reached XP level 3. HP: 23/35 MP: 3/3
   732 | D:2      | Found a faded altar of an unknown god.
   743 | D:2      | Became a worshipper of Uskayaw the Reveler
   743 | D:2      | Reached * piety under Uskayaw
   749 | D:2      | Reached skill level 1 in Invocations
   749 | D:2      | Reached ** piety under Uskayaw
   782 | D:2      | Reached skill level 1 in Short Blades
   782 | D:2      | Reached skill level 1 in Axes
   782 | D:2      | Reached skill level 1 in Maces & Flails
   782 | D:2      | Reached skill level 1 in Polearms
   782 | D:2      | Reached skill level 1 in Staves
   782 | D:2      | Reached skill level 1 in Slings
   782 | D:2      | Reached skill level 1 in Bows
   782 | D:2      | Reached skill level 1 in Throwing
   782 | D:2      | Reached skill level 1 in Unarmed Combat
   782 | D:2      | Reached skill level 1 in Spellcasting
   782 | D:2      | Reached skill level 1 in Evocations
   811 | D:2      | Reached XP level 4. HP: 38/41 MP: 5/5
  1318 | D:3      | Reached skill level 1 in Conjurations
  1318 | D:3      | Reached skill level 1 in Hexes
  1318 | D:3      | Reached skill level 1 in Charms
  1318 | D:3      | Reached skill level 1 in Summonings
  1318 | D:3      | Reached skill level 1 in Necromancy
  1318 | D:3      | Reached skill level 1 in Translocations
  1318 | D:3      | Reached skill level 1 in Transmutations
  1318 | D:3      | Reached skill level 1 in Fire Magic
  1318 | D:3      | Reached skill level 1 in Ice Magic
  1318 | D:3      | Reached skill level 1 in Air Magic
  1318 | D:3      | Reached skill level 1 in Earth Magic
  1318 | D:3      | Reached skill level 1 in Poison Magic
  1463 | D:3      | Reached XP level 5. HP: 38/47 MP: 6/6
  1684 | D:3      | Reached *** piety under Uskayaw
  1751 | D:3      | Found a radiant altar of Vehumet.
  1862 | D:3      | Gained mutation: Armour fits poorly on your strangely shaped body. [potion of mutation]
  1862 | D:3      | Gained mutation: You are weak. (Str -2) [potion of mutation]
  1862 | D:3      | Gained mutation: Your flesh is heat resistant. (rF+) [potion of mutation]
  2352 | D:4      | Reached XP level 6. HP: 16/53 MP: 3/8
  2937 | D:4      | Noticed bmj180's ghost (amateur MiBe)
  3116 | D:4      | Reached skill level 5 in Armour
  3469 | D:5      | Entered Level 5 of the Dungeon
  3501 | D:5      | Noticed Grinder
  3508 | D:5      | Paralysed by Grinder for 2 turns
  3513 | D:5      | Paralysed by Grinder for 6 turns
  3516 | D:5      | HP: 2/53 [worker ant zombie (2)]
  3518 | D:5      | Slain by a worker ant zombie

Skill      XL: |  1  2  3  4  5  6 |
---------------+-------------------+-----
Invocations    | 1 2 |  2.1
Short Blades   | 1 2 |  2.0
Axes           | 1 2 |  2.0
Maces & Flails | 1 2 |  2.0
Polearms       | 1 2 |  2.0
Staves         | 1 2 |  2.0
Slings         | 1 2 |  2.0
Bows           | 1 2 |  2.0
Throwing       | 1 2 |  2.0
Unarmed Combat | 1 2 |  2.0
Spellcasting   | 1 2 |  2.0
Evocations     | 1 2 |  2.0
Conjurations   | 1 |  1.5
Hexes          | 1 |  1.5
Charms         | 1 |  1.5
Summonings     | 1 |  1.5
Necromancy     | 1 |  1.5
Translocations | 1 |  1.5
Transmutations | 1 |  1.5
Fire Magic     | 1 |  1.5
Ice Magic      | 1 |  1.5
Air Magic      | 1 |  1.5
Earth Magic    | 1 |  1.5
Poison Magic   | 1 |  1.5
Long Blades    | 3 |  3.2
Crossbows      | 3 |  3.2
Dodging        | 3 |  3.2
Shields        | 3 |  3.2
Stealth        | 3 |  3.1
Armour         | 5 |  5.0
Fighting       | |  6.8

Action                   |  1- 3 |  4- 6 || total
-------------------------+-------+-------++-------
Melee: Falchion          |   110 |   260 ||   370
       Bite              |    13 |    38 ||    51
       Punch             |       |     2 ||     2
Invok: Stomp             |       |     6 ||     6
       Line Pass         |       |     1 ||     1
  Use: Potion            |     1 |     4 ||     5
       Scroll            |       |     8 ||     8
 Stab: Distracted        |     1 |       ||     1
       Confused          |       |     1 ||     1
       Paralysed         |       |     1 ||     1
       Sleeping          |       |     1 ||     1
  Eat: Chunk             |       |    10 ||    10
Armor: Ring mail         |    40 |   121 ||   161
Dodge: Dodged            |    78 |   211 ||   289
       Rpst.: Falchion   |    22 |    60 ||    82
